 Dungeon Crawl Stone Soup version 0.29-a0-321-gf1c400731a (webtiles) character file.

Game seed: 11805558780549107242

134 experimilk the Conjurer (level 4, 0/34 HPs)
             Began as a Draconian Conjurer on Apr 3, 2022.
             Slain by an orc wizard
             ... wielding a +0 dagger of venom
              (1 damage)
             ... on level 3 of the Dungeon.
             The game lasted 00:08:09 (2448 turns).

experimilk the Conjurer (Draconian Conjurer)        Turns: 2448, Time: 00:08:10

Health: 0/34       AC:  5    Str:  9    XL:     4   Next: 95%
Magic:  1/7        EV: 12    Int: 20    God:
Gold:   106        SH:  0    Dex: 10    Spells: 0/7 levels left

rFire   . . .      SeeInvis .   m - +8 dagger of the Coward {drain, rPois}
rCold   . . .      Faith    .   (no shield)
rNeg    . . .      Spirit   .   (body armour unavailable)
rPois   +          Reflect  .   (helmet restricted)
rElec   .          Harm     .   (no cloak)
rCorr   .          Rampage  .   (no gloves)
Will    .....                   (no boots)
Stlth   ++........              (no amulet)
HPRegen 0.11/turn               (no ring)
MPRegen 0.10/turn               (no ring)

@: no status effects
A: AC +5, unfitting armour, cold-blooded
a: no special abilities


You were on level 3 of the Dungeon.
You visited 1 branch of the dungeon, and saw 3 of its levels.

You collected 106 gold pieces.

Inventory:

Hand Weapons
 m - the +8 dagger of the Coward (weapon) {drain, rPois}
   (You found it on level 2 of the Dungeon)

   A truly terrible weapon, it drains the life of any living foe it strikes.
   rPois:     It protects you from poison.
Jewellery
 c - a ring of poison resistance
Scrolls
 b - a scroll of magic mapping {unknown}
 e - a scroll of amnesia {unknown}
 f - a scroll of fog {unknown}
 h - a scroll of noise {unknown}
 j - a scroll of vulnerability {unknown}
 l - 2 scrolls of identify {unknown}
 q - a scroll of enchant armour {unknown}
Potions
 a - a potion of magic
 d - 5 potions of degeneration {unknown}
 g - a potion of mutation {unknown}
 i - a potion of lignification {unknown}
 k - a potion of attraction {unknown}
 n - 4 potions of flight {unknown}
 o - a potion of curing {unknown}
 p - 2 potions of berserk rage {unknown}


   Skills:
 + Level 0.5 Fighting
 + Level 1.9 Dodging
 - Level 1.7 Stealth
 + Level 2.1 Spellcasting
 * Level 6.1 Conjurations


You couldn't memorise any spells.
You knew the following spells:

 Your Spells              Type           Power      Damage    Failure   Level
a - Magic Dart            Conj           100%       1d8       1%          1
q - Swiftness             Air            2%         N/A       43%         3
z - Dazzling Flash        Conj/Hex       28%        N/A       13%         3

Your spell library contained the following spells:

 Spells                   Type           Power      Damage    Failure   Level
 Searing Ray              Conj           52%        2d6       1%          2
 Shock                    Conj/Air       56%        1d6       4%          1
 Fulminant Prism          Conj/Hex       7%         3d7       41%         4
 Iskenderun's Mystic Bla  Conj/Tloc      14%        2d5       41%         4
 Airstrike                Air            1%         N/A       83%         4


Dungeon Overview and Level Annotations

Branches:
Dungeon (3/15)

Altars:
Cheibriados


Innate Abilities, Weirdness & Mutations

Your plain brown scales are hard. (AC +5)
You cannot fit into any form of body armour.
You are cold-blooded and may be slowed by cold attacks.


Message History

Okay, then.
Casting: Magic Dart (safe; 1% risk of failure)
Confirm with . or Enter, or press ? or * to list all spells.
The spell is quite dangerous to miscast (13% risk of failure)!
Continue anyway?
Casting: Dazzling Flash (quite dangerous; 13% risk of failure)
Press: ? - help, Dir - look around, f - activate The orc is dazzled.
Something hits you but does no damage. The orc closely misses you.
Unknown command.
Aiming: Magic Dart (safe; 1% risk of failure)
Press: ? - help, Q - select action Shift-Dir - straight line The magic dart hits something.
Something hits you.
* * * LOW HITPOINT WARNING * * *
The orc misses you.
Aiming: Magic Dart (safe; 1% risk of failure)
Press: ? - help, Q - select action Shift-Dir - straight line, f - orc
Aim: an orc, wielding a +0 flail (blind, 100% to hit)
The magic dart hits the orc.
The orc is moderately wounded.
Something hits you.
* * * LOW HITPOINT WARNING * * *
Aiming: Magic Dart (safe; 1% risk of failure)
Press: ? - help, Q - select action Shift-Dir - straight line, f/p - orc
Aim: an orc, wielding a +0 flail (moderately wounded, wandering, blind, hasn't noticed you, 100% to hit)
The magic dart hits the orc.
You kill the orc!
You hear some strange, mumbled words.
A magic dart appears from out of thin air!
The magic dart hits you.
* * * LOW HITPOINT WARNING * * *
You miss something. Something hits you.
* * * LOW HITPOINT WARNING * * *
You closely miss something.
Your tail-slap misses something.
Something hits you.
* * * LOW HITPOINT WARNING * * *
You barely miss something.
An orc comes into view. It is wielding a +0 flail.
Something hits you.
You die...

.(.....
.......
######o......
#...)....#
###.######
#.# #.#
######o#
#@)....#
#{###### #.#
#.# #.# #.#
#.#
#.#########
#.........#


You could see an orc (wandering).

Vanquished Creatures
  A scorpion (D:2)
  An orc priest (D:3)
  An adder (D:2)
  2 dart slugs
  2 orcs (D:3)
  6 bats
  7 endoplasms
  A giant cockroach (D:1)
  A goblin (D:1)
  2 hobgoblins
  A quokka (D:3)
  2 ball pythons
  A frilled lizard (D:2)
  4 kobolds
  3 rats
35 creatures vanquished.

Notes
Turn   | Place    | Note
-------+----------+-------------------------------------------
     0 | D:1      | experimilk the Draconian Conjurer began the quest for the
                  | Orb.
     0 | D:1      | Reached XP level 1. HP: 14/14 MP: 3/3
   431 | D:1      | Reached XP level 2. HP: 20/20 MP: 0/5
  1146 | D:2      | Reached skill level 5 in Conjurations
  1146 | D:2      | Reached XP level 3. HP: 21/26 MP: 1/6
  1212 | D:2      | Learned a level 3 spell: Dazzling Flash
  1246 | D:2      | Identified the +8 dagger of the Coward {drain, rPois}
  1552 | D:2      | Found a snail-covered altar of Cheibriados.
  2033 | D:2      | Found a faded altar of an unknown god.
  2171 | D:2      | Noticed a scorpion
  2178 | D:2      | Killed a scorpion
  2179 | D:2      | Reached XP level 4. HP: 33/33 MP: 2/7
  2224 | D:2      | Reached skill level 6 in Conjurations
  2339 | D:2      | Learned a level 3 spell: Swiftness
  2447 | D:3      | HP: 1/34 [something (4)]
  2448 | D:3      | Slain by an orc wizard

Illustrated notes

Levels and vault maps discovered:
D:1:      lemuel_arrival_behind_the_door_small, layout_basic
D:2:      layout_loops_ring, basic_altar, ebering_ecumenical_altar_mist
D:3:      layout_basic, gammafunk_ghost_necromancy, kennysheep_path_1,
          uniq_jessica, uniq_natasha, uniq_robin

Skill      XL: |  1  2  3  4 |
---------------+-------------+-----
Conjurations   | 5 6 |  6.1
Fighting       | |  0.5
Dodging        | |  1.9
Stealth        | |  1.7
Spellcasting   | |  2.1

Action                   |  1- 3 |  4- 6 || total
-------------------------+-------+-------++-------
Melee: Unarmed           |    47 |       ||    47
       Tailslap          |     5 |       ||     5
       Punch             |     2 |       ||     2
       Dagger            |    12 |    10 ||    22
 Cast: Magic Dart        |    58 |     7 ||    65
       Dazzling Flash    |     1 |     1 ||     2
Armor: Skin              |    29 |     4 ||    33
Dodge: Dodged            |    58 |     5 ||    63

Table legend: (Time is in decaauts)
 A = Elapsed time spent in this place.
 B = Non-inter-level travel time spent in this place.
 C = Inter-level travel time spent in this place.
 D = Time resting spent in this place.
 E = Time spent auto-exploring this place.
 F = Levels seen in this place.
 G = Mean time per level.
                   A        B        C        D        E       F      G
               +--------+--------+--------+--------+--------+-----+--------+
         Total |   2447 |   2409 |     38 |    733 |   1248 |   3 |  815.7 |
       Dungeon |   2447 |   2409 |     38 |    733 |   1248 |   3 |  815.7 |
               +--------+--------+--------+--------+--------+-----+--------+

Top non-repeatable levels by time:
     D:2: 1362 daAuts
     D:1: 1008 daAuts
     D:3: 76 daAuts
